 Dungeon Crawl Stone Soup version 0.27-a0-1206-g6342a01c75 (webtiles) character file.

Game seed: 7634162032536787264

256 Delamore the Poker (level 6, -6/49 HPs)
             Began as a Formicid Fighter on June 5, 2021.
             Splashed by Ijyb's acid (16 damage)
             ... on level 3 of the Dungeon.
             The game lasted 00:02:10 (1830 turns).

Delamore the Poker (Formicid Fighter)               Turns: 1830, Time: 00:02:10

Health: -6/49      AC:  9    Str: 22    XL:     6   Next: 38%
Magic:  0/6        EV:  8    Int:  8    God:
Gold:   23         SH:  9    Dex: 10    Spells: 5/5 levels left

rFire    . . .     SeeInvis +   a - +0 trident
rCold    . . .     Faith    .   c - +0 kite shield
rNeg     . . .     Spirit   +   b - +0 scale mail
rPois    .         Reflect  .   (helmet unavailable)
rElec    .         Harm     .   k - scarf {+Inv}
rCorr    .         Rampage  +   (no gloves)
Will     .....                  p - +1 pair of boots {rampage}
Stlth    ..........             j - amulet of guardian spirit
HPRegen  0.16/turn              (no ring)
MPRegen  0.10/turn              (no ring)

@: no status effects
A: permanent stasis, dig shafts and tunnels, antennae 3, four strong arms
a: Dig, Shaft Self, Evoke Invisibility


You were on level 3 of the Dungeon.
You visited 1 branch of the dungeon, and saw 3 of its levels.

You collected 23 gold pieces.

Inventory:

Hand Weapons
 a - a +0 trident (weapon)
Missiles
 i - 9 poisoned darts (quivered)
 l - 6 javelins
Armour
 b - a +0 scale mail (worn)
 c - a +0 kite shield (worn)
 k - a scarf of invisibility (worn)
 p - a +1 pair of boots of rampaging (worn)
Jewellery
 j - an amulet of guardian spirit (around neck)
Wands
 m - a wand of flame (7)
Scrolls
 e - 2 scrolls of torment {unknown}
 h - a scroll of teleportation {unknown}
 n - a scroll of identify
Potions
 d - 2 potions of might
 f - 2 potions of curing
 g - 3 potions of lignification {unknown}
 o - a potion of attraction {unknown}


   Skills:
 + Level 4.7 Fighting
 * Level 4.8 Polearms
 + Level 2.1 Throwing
 - Level 3.2 Armour
 - Level 3.6 Shields


You had 5 spell levels left.
You didn't know any spells.
Your spell library was empty.

Dungeon Overview and Level Annotations

Branches:
Dungeon (3/15)

Altars:
Xom

Shops:
D:1 (

Annotations:
D:3 Ijyb


Innate Abilities, Weirdness & Mutations

You cannot be hasted, slowed, berserked, paralysed or teleported.
You can dig through walls and to a lower floor.
You have a pair of large antennae on your head. (SInv)
Your four strong arms can wield two-handed weapons with a shield.


Message History

The orc dies!
The bolt of acid hits you!
You are splashed with acid.
* * * LOW HITPOINT WARNING * * *
There is a stone staircase leading up here.
You climb upwards.
There is a stone staircase leading down here.
You start resting.
Magic restored.
You start resting.
HP restored.
You climb downwards.
Level annotation: Ijyb
There is a stone staircase leading up here.
You throw a poisoned dart. The poisoned dart hits Ijyb.
Ijyb is poisoned.
Ijyb zaps a wand.
The bolt of acid misses you.
You throw a poisoned dart. The poisoned dart hits Ijyb.
Ijyb looks even sicker.
Ijyb is lightly wounded.
Ijyb zaps a wand.
The bolt of acid hits you!
You are splashed with acid!
You throw a poisoned dart. The poisoned dart closely misses Ijyb.
No target in view!
You throw a poisoned dart. The poisoned dart hits Ijyb.
Ijyb is moderately wounded.
Ijyb hits you with a +2 dagger of speed.
Ijyb hits you but does no damage.
You hit Ijyb.
Ijyb is severely wounded.
Ijyb hits you with a +2 dagger of speed. x2
You hit Ijyb but do no damage.
Ijyb is severely wounded.
You block Ijyb's attack.
You hit Ijyb but do no damage.
Ijyb is severely wounded.
You block Ijyb's attack.
Ijyb hits you with a +2 dagger of speed.
You closely miss Ijyb.
Ijyb is almost dead.
Ijyb zaps a wand.
The bolt of acid hits you!
* * * LOW HITPOINT WARNING * * *
You are splashed with acid!
You die...

#(...+ #(...#
#g...# #....#
#....#... #
######[.......
#.##.........#...
#....g.....#.#
####@#.......#
#...(.....#
+.........#
#.......(...
#........####
....###+## .####
.


You could see Ijyb (poisoned).

Vanquished Creatures
  Sigmund (D:2)
  Jessica (D:2)
  An adder (D:2)
  A dart slug (D:1)
  6 endoplasms
  8 giant cockroaches
  2 goblins (D:2)
  4 hobgoblins
  6 jackals (D:2)
  4 kobolds
  5 ball pythons
  8 bats
  4 frilled lizards
  3 rats
54 creatures vanquished.

Vanquished Creatures (others)
  An orc (D:3)
1 creature vanquished.

Grand Total: 55 creatures vanquished

Notes
Turn   | Place    | Note
-------+----------+-------------------------------------------
     0 | D:1      | Delamore the Formicid Fighter began the quest for the Orb.
     0 | D:1      | Reached XP level 1. HP: 18/18 MP: 1/1
    34 | D:1      | Found Jiemiohe's Weapon Emporium.
   141 | D:1      | Reached XP level 2. HP: 21/24 MP: 2/2
   381 | D:1      | Reached XP level 3. HP: 28/30 MP: 3/3
   663 | D:2      | Found a shimmering altar of Xom.
   829 | D:2      | Noticed Jessica
   837 | D:2      | Reached XP level 4. HP: 37/37 MP: 4/4
   838 | D:2      | Killed Jessica
  1080 | D:2      | Noticed Sigmund
  1095 | D:2      | Killed Sigmund
  1096 | D:2      | Reached XP level 5. HP: 16/43 MP: 2/5
  1096 | D:2      | Reached XP level 6. HP: 19/49 MP: 2/6
  1580 | D:3      | Noticed Ijyb
  1830 | D:3      | Splashed by Ijyb's acid

Illustrated notes

Levels and vault maps discovered:
D:1:      lemuel_arrival_river_bridge, layout_basic, serial_shops, shop,
          hex_tiny, minmay_tetromino_s2
D:2:      layout_rooms, basic_altar, uniq_sigmund, uniq_jessica
D:3:      gammafunk_steamed_eel, layout_basic, elyvilon_altar_4,
          chequers_ecumenical_altar_simple, uniq_ijyb

Skill      XL: |  1  2  3  4 |
---------------+-------------+-----
Polearms       | 3 4 |  4.8
Fighting       | 4 |  4.7
Throwing       | 2 |  2.1
Armour         | |  3.2
Shields        | |  3.6

Action                   |  1- 3 |  4- 6 || total
-------------------------+-------+-------++-------
Melee: Trident           |    95 |    66 ||   161
Throw: Dart              |       |    13 ||    13
       Javelin           |       |     3 ||     3
  Use: Scroll            |     1 |       ||     1
Armor: Scale mail        |    54 |    38 ||    92
Dodge: Dodged            |    44 |    25 ||    69
Block: Kite shield       |    53 |    44 ||    97

Table legend: (Time is in decaauts)
 A = Elapsed time spent in this place.
 B = Non-inter-level travel time spent in this place.
 C = Inter-level travel time spent in this place.
 D = Time resting spent in this place.
 E = Time spent auto-exploring this place.
 F = Levels seen in this place.
 G = Mean time per level.
                   A        B        C        D        E       F      G
               +--------+--------+--------+--------+--------+-----+--------+
         Total |   1889 |   1856 |     33 |    331 |   1151 |   3 |  629.7 |
       Dungeon |   1889 |   1856 |     33 |    331 |   1151 |   3 |  629.7 |
               +--------+--------+--------+--------+--------+-----+--------+

Top non-repeatable levels by time:
     D:2: 1172 daAuts
     D:1: 690 daAuts
     D:3: 26 daAuts
